 Dungeon Crawl Stone Soup version 0.27.1-34-g3ba077fa99 (webtiles) character file.

Game seed: 12536017650315666518

122 LLlMATKO the Chopper (level 4, 0/41 HPs)
             Began as a Minotaur Berserker on Jan 22, 2022.
             Was a Believer of Trog.
             Slain by an adder skeleton (4 damage)
             ... on level 4 of the Dungeon.
             The game lasted 00:02:48 (3717 turns).

LLlMATKO the Chopper (Minotaur Berserker)           Turns: 3717, Time: 00:02:48

Health: 0/41       AC:  5    Str: 21    XL:     4   Next: 78%
Magic:  3/3        EV:  7    Int:  4    God:    Trog [**....]
Gold:   127        SH: 12    Dex: 11    Spells: 3/3 levels left

rFire    . . .     SeeInvis .   a - +0 hand axe
rCold    . . .     Faith    .   k - +0 tower shield
rNeg     . . .     Spirit   .   j - +0 ring mail
rPois    .         Reflect  .   (helmet restricted)
rElec    .         Harm     .   (no cloak)
rCorr    .         Rampage  .   (no gloves)
Will     .....                  (no boots)
Stlth    +.........             (no amulet)
HPRegen  0.13/turn              (no ring)
MPRegen  0.08/turn              (no ring)

@: on berserk cooldown, slowed, very slow
A: horns 2, retaliatory headbutt
a: Renounce Religion, Berserk, Trog's Hand


You were on level 4 of the Dungeon.
You worshipped Trog.
Trog was pleased with you.
You visited 1 branch of the dungeon, and saw 4 of its levels.

You collected 127 gold pieces.

Inventory:

Hand Weapons
 a - a +0 hand axe (weapon)
Missiles
 b - a throwing net
 g - 54 stones (quivered)
 p - 4 atropa-tipped darts
Armour
 j - a +0 ring mail (worn)
 k - a +0 tower shield (worn)
Wands
 m - a wand of mindburst (18)
Scrolls
 c - a scroll of fear {unknown}
 e - a scroll of teleportation {unknown}
 f - a scroll of summoning {unknown}
 h - 2 scrolls of fog {unknown}
 i - a scroll of noise {unknown}
 n - 3 scrolls of vulnerability {unknown}
 o - a scroll of blinking {unknown}
Potions
 d - a potion of berserk rage {unknown}
 l - a potion of degeneration {unknown}


   Skills:
 + Level 4.4 Fighting
 + Level 4.4 Axes
 + Level 3.5 Armour
 + Level 3.2 Dodging
 + Level 1.5 Shields


You had 3 spell levels left.
You didn't know any spells.
Your spell library was empty.

Dungeon Overview and Level Annotations

Branches:
Dungeon (4/15)
 Temple: D:4-7

Altars:
Cheibriados
Makhleb
Wu Jian
Zin

Annotations:
D:4 Pikel


Innate Abilities, Weirdness & Mutations

You have a pair of horns on your head.
You reflexively headbutt those who attack you in melee.


Message History

You block Pikel's attack.
You miss Pikel.
Pikel is heavily wounded.
You completely miss the ball python.
The ball python bites you but does no damage.
The ball python grabs you. The ball python constricts you.
Pikel hits you with a +0 whip of freezing.
Pikel freezes you.
You slash the ball python!
You kill the ball python!
Trog accepts your kill.
You hit Pikel.
You are no longer berserk.
You are exhausted.
You feel yourself slow down.
Pikel hits you with a +0 whip of freezing!
Pikel freezes you.
You are too injured to fight recklessly!
Unknown command.
You are too injured to fight recklessly!
You closely miss Pikel. You headbutt Pikel!
Pikel is severely wounded.
You hit the adder skeleton but do no damage.
The adder skeleton barely misses you.
Pikel hits you with a +0 whip of freezing.
* * * LOW HITPOINT WARNING * * *
Pikel freezes you.
* * * LOW HITPOINT WARNING * * *
You block the adder skeleton's attack.
Pikel hits you with a +0 whip of freezing.
* * * LOW HITPOINT WARNING * * *
Pikel freezes you.
* * * LOW HITPOINT WARNING * * *
The adder skeleton barely misses you. You furiously retaliate!
You headbutt the adder skeleton! You closely miss Pikel.
Pikel is severely wounded.
You hit the adder skeleton. The adder skeleton barely misses you.
You block Pikel's attack. The adder skeleton bites you.
You die...

### #.#######
#......<#
#.####### #.#
#.# # #.#
#...####.######
#(.555K@........
#...####Z#######
# #... ......
...#### ...#
....# ..#


You could see Pikel, 3 lemures and an adder skeleton.

Vanquished Creatures
  A lemure (D:4)
  6 adders
  2 dart slugs (D:2)
  4 orcs (D:3)
  6 endoplasms
  4 giant cockroaches
  5 goblins
  3 hobgoblins
  4 jackals (D:1)
  4 kobolds
  3 quokkas
  5 ball pythons
  5 bats
  3 frilled lizards
  7 rats
62 creatures vanquished.

Notes
Turn   | Place    | Note
-------+----------+-------------------------------------------
     0 | D:1      | LLlMATKO the Minotaur Berserker began the quest for the
                  | Orb.
     0 | D:1      | Reached XP level 1. HP: 19/19 MP: 0/0
   272 | D:1      | Reached XP level 2. HP: 23/27 MP: 1/1
   584 | D:1      | Found a faded altar of an unknown god.
  1147 | D:2      | Reached XP level 3. HP: 31/33 MP: 2/2
  2697 | D:3      | Reached ** piety under Trog
  2698 | D:3      | Reached XP level 4. HP: 40/40 MP: 3/3
  2943 | D:3      | Found an ornate altar of the Wu Jian Council.
  2943 | D:3      | Found a glowing silver altar of Zin.
  2943 | D:3      | Found a snail-covered altar of Cheibriados.
  2943 | D:3      | Found a burning altar of Makhleb.
  2948 | D:3      | Reached skill level 1 in Shields
  3700 | D:4      | Noticed a lemure
  3700 | D:4      | Noticed a lemure
  3700 | D:4      | Noticed Pikel
  3701 | D:4      | Noticed a lemure
  3702 | D:4      | Noticed a lemure
  3711 | D:4      | Killed a lemure
  3717 | D:4      | Slain by an adder skeleton

Illustrated notes

Levels and vault maps discovered:
D:1:      tarquinn_simple_flora_water_a, layout_basic,
          ebering_ecumenical_altar_rust
D:2:      layout_loops_ring
D:3:      minmay_chambers_of_twos, layout_loops_corners,
          grunt_temple_overflow_cloverleaf
D:4:      layout_basic, beargit_hepliaklqana_dungeon_heroes, temple_pool_b,
          kennysheep_pointless_box, uniq_grinder, uniq_pikel

Skill      XL: |  1  2  3  4 |
---------------+-------------+-----
Axes           | 4 |  4.4
Fighting       | 4 |  4.4
Armour         | 3 |  3.5
Dodging        | 3 |  3.2
Shields        | 1 |  1.5

Action                   |  1- 3 |  4- 6 || total
-------------------------+-------+-------++-------
Melee: Hand axe          |   102 |    54 ||   156
       Headbutt          |    16 |    11 ||    27
Invok: Berserk           |     1 |     1 ||     2
 Stab: Sleeping          |     1 |       ||     1
Armor: Animal skin       |     8 |       ||     8
       Ring mail         |    24 |    14 ||    38
Dodge: Dodged            |    48 |    20 ||    68
Block: Tower shield      |    50 |    39 ||    89
